TOP OF THE 1ST |
Montgomery Biscuits batting - Pitching for Birmingham Barons : RHP Ruben Castro
|
Pitching: RHP Ruben Castro
|
|
Batting: RHB Chris Thorson
|
0-0: Ball 1-0: Fly out, F8 (Flyball, 8RM, EV 81.2 MPH)
|
Batting: RHB Roberto Aispuro
|
0-0: Ball 1-0: Ball 2-0: Called Strike 2-1: Foul Ball, location: 2F 2-2: Ball 3-2: Base on Balls
|
Batting: LHB Darryl Gonnella
|
0-0: Ball 1-0: SINGLE (Line Drive, 78M, EV 91.9 MPH) Roberto Aispuro to second
|
Batting: LHB Eric Toney
|
0-0: Fly out, F8 (Flyball, 8LM, EV 91.2 MPH)
|
Batting: RHB James Huddleston
|
0-0: Called Strike 0-1: Foul Ball, location: 2F 0-2: Foul Ball, location: 2F 0-2: Ball 1-2: Foul Ball, location: 2F 1-2: Foul Ball, location: 2F 1-2: Ball 2-2: SINGLE (Groundball, 5D, EV 102.5 MPH) Roberto Aispuro to third Darryl Gonnella to second Runner from 3rd tries for Home, SAFE, throw by LF to home
|
Batting: RHB Nelle Lommen
|
0-0: Called Strike 0-1: Ball 1-1: Ball Wild Pitch! Darryl Gonnella to third James Huddleston to second 2-1: Swinging Strike 2-2: Hit by Pitch
|
Batting: RHB John Downing
|
0-0: Ball 1-0: Foul Ball, location: 2F 1-1: Ball 2-1: Ball 3-1: Swinging Strike 3-2: Fly out, F9 (Flyball, 9, EV 97.5 MPH)
|
Top of the 1st over - 1 run, 2 hits, 0 errors, 3 left on base; Montgomery 1 - Birmingham 0 |
BOTTOM OF THE 1ST |
Birmingham Barons batting - Pitching for Montgomery Biscuits : RHP Jaylin Green
|
Pitching: RHP Jaylin Green
|
|
Batting: LHB Dalton Silveira
|
0-0: Foul Ball, location: 2F 0-1: Ball 1-1: Ball 2-1: Ground out 4-3 (Groundball, 34D, EV 103.1 MPH)
|
Batting: LHB Larry Myers
|
0-0: Called Strike 0-1: Foul Ball, location: 2F 0-2: Ball 1-2: Fly out, F4 (Line Drive, 4MD, EV 69.4 MPH)
|
Batting: LHB Matt Hyde
|
0-0: Foul Ball, location: 2F 0-1: Foul Ball, location: 2F 0-2: Foul Ball, location: 2F 0-2: Ball 1-2: Ball 2-2: Strikes out swinging
|
Bottom of the 1st over - 0 runs, 0 hits, 0 errors, 0 left on base; Montgomery 1 - Birmingham 0 |
TOP OF THE 2ND |
Montgomery Biscuits batting - Pitching for Birmingham Barons : RHP Ruben Castro
|
Batting: RHB Khalil Walker
|
0-0: Ball 1-0: Called Strike 1-1: Foul Ball, location: 2F 1-2: Ball 2-2: Ball 3-2: SINGLE (Line Drive, 34D, EV 109.4 MPH)
|
Batting: SHB Julio Hernandez
|
0-0: Called Strike 0-1: Swinging Strike 0-2: Ground out 4-3 (Groundball, 4S, EV 62.5 MPH) Khalil Walker to second
|
Batting: RHB Chris Thorson
|
0-0: Called Strike 0-1: Foul Ball, location: 2F 0-2: Ball 1-2: Ground out 6-3 (Groundball, 6MD, EV 98.8 MPH) Khalil Walker to third
|
Batting: RHB Roberto Aispuro
|
0-0: Ball 1-0: Foul Ball, location: 2F 1-1: Ball 2-1: Ball 3-1: Foul Ball, location: 2F 3-2: Base on Balls
|
Batting: LHB Darryl Gonnella
|
0-0: Swinging Strike 0-1: Ball 1-1: Fly out, F9 (Line Drive, 9S, EV 94.4 MPH)
|
Top of the 2nd over - 0 runs, 1 hit, 0 errors, 2 left on base; Montgomery 1 - Birmingham 0 |
BOTTOM OF THE 2ND |
Birmingham Barons batting - Pitching for Montgomery Biscuits : RHP Jaylin Green
|
Batting: RHB Josiah Wright
|
0-0: Fly out, F6 (Popup, 6M, EV 68.1 MPH)
|
Batting: RHB Mike Savage
|
0-0: Ball 1-0: Ground out 5-3 (Groundball, 25, EV 90.6 MPH)
|
Batting: RHB Kevin Chafe
|
0-0: Foul Ball, location: 2F 0-1: Ball 1-1: Foul Ball, location: 2F 1-2: Foul Ball, location: 2F 1-2: Foul Ball, location: 2F 1-2: SINGLE (Groundball, 6MD, EV 100.6 MPH)
|
Batting: RHB Ethan McCullough
|
0-0: Ground out 4-3 (Groundball, 4S, EV 88.8 MPH)
|
Bottom of the 2nd over - 0 runs, 1 hit, 0 errors, 1 left on base; Montgomery 1 - Birmingham 0 |
TOP OF THE 3RD |
Montgomery Biscuits batting - Pitching for Birmingham Barons : RHP Ruben Castro
|
Batting: LHB Eric Toney
|
0-0: Ball 1-0: Foul Ball, location: 2F 1-1: Ball 2-1: Ball 3-1: Base on Balls
|
Batting: RHB James Huddleston
|
0-0: Ball 1-0: Foul Ball, location: 2F 1-1: Called Strike 1-2: Grounds into double play, 4-6-3 (Groundball, 34S, EV 86.2 MPH)
|
Batting: RHB Nelle Lommen
|
0-0: Called Strike 0-1: Ball 1-1: SINGLE (Groundball, 34D, EV 101.9 MPH)
|
Batting: RHB John Downing
|
0-0: Ball Wild Pitch! Nelle Lommen to second 1-0: Called Strike 1-1: Ground out 5-3 (Groundball, 5, EV 93.8 MPH)
|
Top of the 3rd over - 0 runs, 1 hit, 0 errors, 1 left on base; Montgomery 1 - Birmingham 0 |
BOTTOM OF THE 3RD |
Birmingham Barons batting - Pitching for Montgomery Biscuits : RHP Jaylin Green
|
Batting: SHB Josh Conner
|
0-0: Called Strike 0-1: Ball 1-1: Ball 2-1: Swinging Strike 2-2: Ground out 5-3 (Groundball, 5, EV 83.8 MPH)
|
Batting: RHB John Iddings
|
0-0: Called Strike 0-1: Swinging Strike 0-2: Foul Ball, location: 2F 0-2: Ground out U3 (Groundball, 34S, EV 84.4 MPH)
|
Batting: LHB Dalton Silveira
|
0-0: Called Strike 0-1: Ground out 6-3 (Groundball, 6, EV 78.8 MPH)
|
Bottom of the 3rd over - 0 runs, 0 hits, 0 errors, 0 left on base; Montgomery 1 - Birmingham 0 |
TOP OF THE 4TH |
Montgomery Biscuits batting - Pitching for Birmingham Barons : RHP Ruben Castro
|
Batting: RHB Khalil Walker
|
0-0: Called Strike 0-1: Ball 1-1: Ball 2-1: SINGLE (Groundball, 56D, EV 95.6 MPH)
|
Batting: SHB Julio Hernandez
|
0-0: Called Strike 0-1: Called Strike Khalil Walker steals 2nd base (no throw) 0-2: Foul Ball, location: 2F 0-2: Fly out, F4 (Line Drive, 4, EV 75.0 MPH)
|
Batting: RHB Chris Thorson
|
0-0: Called Strike Khalil Walker is caught stealing 3rd base 2-5 0-1: Foul Ball, location: 2F 0-2: Ball 1-2: Fly out, F8 (Flyball, 8RD, EV 82.5 MPH)
|
Top of the 4th over - 0 runs, 1 hit, 0 errors, 0 left on base; Montgomery 1 - Birmingham 0 |
BOTTOM OF THE 4TH |
Birmingham Barons batting - Pitching for Montgomery Biscuits : RHP Jaylin Green
|
Batting: LHB Larry Myers
|
0-0: Ball 1-0: Ball 2-0: Fly out, F7 (Flyball, 7D, EV 94.4 MPH)
|
Batting: LHB Matt Hyde
|
0-0: Ball 1-0: Fly out, F8 (Line Drive, 8LM, EV 95.6 MPH)
|
Batting: RHB Josiah Wright
|
0-0: Foul Ball, location: 2F 0-1: Fly out, F9 (Flyball, 89M, EV 76.9 MPH)
|
Bottom of the 4th over - 0 runs, 0 hits, 0 errors, 0 left on base; Montgomery 1 - Birmingham 0 |
TOP OF THE 5TH |
Montgomery Biscuits batting - Pitching for Birmingham Barons : RHP Ruben Castro
|
Batting: RHB Roberto Aispuro
|
0-0: DOUBLE (Line Drive, 78M, EV 105.6 MPH)
|
Pitching: LHP Brennan Duncan
|
|
Batting: LHB Darryl Gonnella
|
0-0: Ball 1-0: Ground out 6-3 (Groundball, 6, EV 79.4 MPH) Roberto Aispuro to third
|
Batting: LHB Eric Toney
|
0-0: Called Strike 0-1: Fly out, F8 (Flyball, 8RXD, EV 100.6 MPH) Runner from 3rd tags up, SCORES, no throw by CF
|
Batting: RHB James Huddleston
|
0-0: Foul Ball, location: 2F 0-1: Ball 1-1: Called Strike 1-2: Strikes out looking
|
Top of the 5th over - 1 run, 1 hit, 0 errors, 0 left on base; Montgomery 2 - Birmingham 0 |
BOTTOM OF THE 5TH |
Birmingham Barons batting - Pitching for Montgomery Biscuits : RHP Jaylin Green
|
Batting: RHB Mike Savage
|
0-0: Ball 1-0: Foul Ball, location: 2F 1-1: Called Strike 1-2: Fly out, F7 (Flyball, 78S, EV 85.0 MPH)
|
Batting: RHB Kevin Chafe
|
0-0: Called Strike 0-1: Ground out 6-3 (Groundball, 6, EV 105.6 MPH)
|
Batting: RHB Ethan McCullough
|
0-0: Ball 1-0: Ball 2-0: Called Strike 2-1: Foul Ball, location: 2F 2-2: Ground out U3 (Groundball, 13, EV 80.0 MPH)
|
Bottom of the 5th over - 0 runs, 0 hits, 0 errors, 0 left on base; Montgomery 2 - Birmingham 0 |
TOP OF THE 6TH |
Montgomery Biscuits batting - Pitching for Birmingham Barons : LHP Brennan Duncan
|
Batting: RHB Nelle Lommen
|
0-0: Ground out 6-3 (Groundball, 6S, EV 85.0 MPH)
|
Batting: RHB John Downing
|
0-0: Swinging Strike 0-1: Swinging Strike 0-2: Ground out 6-3 (Groundball, 6, EV 85.0 MPH)
|
Batting: RHB Khalil Walker
|
0-0: Ball 1-0: Ball 2-0: Ground out 6-3 (Groundball, 6, EV 90.0 MPH)
|
Top of the 6th over - 0 runs, 0 hits, 0 errors, 0 left on base; Montgomery 2 - Birmingham 0 |
BOTTOM OF THE 6TH |
Birmingham Barons batting - Pitching for Montgomery Biscuits : RHP Jaylin Green
|
Batting: SHB Josh Conner
|
0-0: Ball 1-0: SINGLE (Line Drive, 8LS, EV 102.5 MPH)
|
Batting: RHB John Iddings
|
|
Pinch Hitting: LHB Justin Stickney
|
0-0: Called Strike 0-1: Ball 1-1: 2-RUN HOME RUN (Flyball, 9D, EV 98.8 MPH), Distance : 379 ft
|
Batting: LHB Dalton Silveira
|
0-0: Called Strike 0-1: Foul Ball, location: 2F 0-2: Ball 1-2: SINGLE (Groundball, 5S, EV 64.4 MPH) (infield hit)
|
Batting: LHB Larry Myers
|
0-0: Ball 1-0: Ball 2-0: Called Strike Dalton Silveira steals 2nd base 2-1: Ball 3-1: Fly out, F7 (Flyball, 7, EV 79.4 MPH)
|
Batting: LHB Matt Hyde
|
0-0: SINGLE (Groundball, 6D, EV 107.5 MPH) Dalton Silveira to third Runner from 3rd tries for Home, SAFE, throw by CF to home
|
Batting: RHB Josiah Wright
|
0-0: Ball 1-0: Ball Matt Hyde steals 2nd base 2-0: Ball 3-0: Called Strike 3-1: Called Strike 3-2: Fly out, F7 (Line Drive, 7S, EV 91.2 MPH)
|
Batting: RHB Mike Savage
|
0-0: Ball 1-0: SINGLE (Groundball, 6M, EV 98.1 MPH) (infield hit) Matt Hyde to third
|
Batting: RHB Kevin Chafe
|
0-0: Ball 1-0: Fly out, F8 (Flyball, 8LD, EV 100.0 MPH)
|
Bottom of the 6th over - 3 runs, 5 hits, 0 errors, 2 left on base; Montgomery 2 - Birmingham 3 |
TOP OF THE 7TH |
Montgomery Biscuits batting - Pitching for Birmingham Barons : LHP Brennan Duncan
|
Now at SS: Jason Bresnahan
|
|
Batting: SHB Julio Hernandez
|
0-0: Called Strike 0-1: SINGLE (Groundball, 4M, EV 101.2 MPH) (infield hit)
|
Batting: RHB Chris Thorson
|
0-0: Called Strike 0-1: Ball 1-1: Bunted foul 1-2: Foul Ball, location: 2F 1-2: Ball 2-2: Ball 3-2: Base on Balls Julio Hernandez to second
|
Batting: RHB Roberto Aispuro
|
0-0: Bunt missed! 0-1: Sac Bunt to 3S - play at first, batter OUT! 3-4 Julio Hernandez to third Chris Thorson to second
|
Batting: LHB Darryl Gonnella
|
0-0: Ground out 5-3 (Groundball, 56, EV 108.8 MPH)
|
Batting: LHB Eric Toney
|
0-0: Foul Ball, location: 2F 0-1: Called Strike 0-2: Foul Ball, location: 2F 0-2: Foul Ball, location: 2F 0-2: Ball 1-2: Ball 2-2: Ball 3-2: Base on Balls
|
Batting: RHB James Huddleston
|
0-0: Ball 1-0: Ball 2-0: Called Strike 2-1: Ball 3-1: Base on Balls Julio Hernandez scores Chris Thorson to third Eric Toney to second
|
Batting: RHB Nelle Lommen
|
0-0: Ground out U3 (Groundball, 34, EV 96.2 MPH)
|
Top of the 7th over - 1 run, 1 hit, 0 errors, 3 left on base; Montgomery 3 - Birmingham 3 |
BOTTOM OF THE 7TH |
Birmingham Barons batting - Pitching for Montgomery Biscuits : RHP Jaylin Green
|
Batting: RHB Ethan McCullough
|
0-0: Ball 1-0: Fly out, F4 (Popup, 34S, EV 72.5 MPH)
|
Batting: SHB Josh Conner
|
0-0: Ball 1-0: Called Strike 1-1: Ball 2-1: Fly out, F7 (Flyball, 7S, EV 96.2 MPH)
|
Batting: SHB Jason Bresnahan
|
0-0: Fly out, F7 (Flyball, 78M, EV 78.8 MPH)
|
Bottom of the 7th over - 0 runs, 0 hits, 0 errors, 0 left on base; Montgomery 3 - Birmingham 3 |
TOP OF THE 8TH |
Montgomery Biscuits batting - Pitching for Birmingham Barons : LHP Brennan Duncan
|
Pitching: LHP Silas Chartier
|
|
Batting: RHB John Downing
|
0-0: Swinging Strike 0-1: Ball 1-1: Ball 2-1: Ball 3-1: SINGLE (Flyball, 3D, EV 98.1 MPH)
|
Batting: RHB Khalil Walker
|
0-0: Sac Bunt to 15 - play at first, batter OUT! 1-3 John Downing to second
|
Batting: SHB Julio Hernandez
|
0-0: Swinging Strike 0-1: Ball 1-1: Ball 2-1: Ground out 6-3 (Groundball, 6S, EV 68.1 MPH) John Downing to third
|
Batting: RHB Chris Thorson
|
0-0: Called Strike 0-1: Ball 1-1: Foul Ball, location: 2F 1-2: Strikes out looking
|
Top of the 8th over - 0 runs, 1 hit, 0 errors, 1 left on base; Montgomery 3 - Birmingham 3 |
BOTTOM OF THE 8TH |
Birmingham Barons batting - Pitching for Montgomery Biscuits : RHP Jaylin Green
|
Batting: LHB Dalton Silveira
|
0-0: Ground out U3 (Groundball, 3, EV 91.9 MPH)
|
Batting: LHB Larry Myers
|
0-0: Ball 1-0: Ground out 6-3 (Groundball, 6S, EV 84.4 MPH)
|
Batting: LHB Matt Hyde
|
0-0: Fly out, F6 (Flyball, 56D, EV 91.9 MPH)
|
Bottom of the 8th over - 0 runs, 0 hits, 0 errors, 0 left on base; Montgomery 3 - Birmingham 3 |
TOP OF THE 9TH |
Montgomery Biscuits batting - Pitching for Birmingham Barons : LHP Silas Chartier
|
Batting: RHB Roberto Aispuro
|
0-0: Ground out 6-3 (Groundball, 6, EV 88.1 MPH)
|
Batting: LHB Darryl Gonnella
|
0-0: Called Strike 0-1: Foul Ball, location: 2F 0-2: Foul Ball, location: 2F 0-2: Ball 1-2: Ground out 4-3 (Groundball, 4, EV 85.0 MPH)
|
Batting: LHB Eric Toney
|
0-0: Called Strike 0-1: Ball 1-1: Ball 2-1: Ground out 6-3 (Groundball, 6, EV 85.6 MPH)
|
Top of the 9th over - 0 runs, 0 hits, 0 errors, 0 left on base; Montgomery 3 - Birmingham 3 |
BOTTOM OF THE 9TH |
Birmingham Barons batting - Pitching for Montgomery Biscuits : RHP Jaylin Green
|
Batting: LHB Ryan Dyal
|
0-0: Swinging Strike 0-1: Ground out 4-3 (Groundball, 4, EV 98.1 MPH)
|
Batting: RHB Mike Savage
|
0-0: Called Strike 0-1: Called Strike 0-2: Foul Ball, location: 2F 0-2: Ball 1-2: Ground out 4-3 (Groundball, 34D, EV 88.1 MPH)
|
Batting: RHB Kevin Chafe
|
0-0: Called Strike 0-1: Called Strike 0-2: Ground out 5-3 (Groundball, 56, EV 86.2 MPH)
|
Bottom of the 9th over - 0 runs, 0 hits, 0 errors, 0 left on base; Montgomery 3 - Birmingham 3 |
TOP OF THE 10TH |
Montgomery Biscuits batting - Pitching for Birmingham Barons : LHP Silas Chartier
|
Pitching: RHP Maury Compson
|
|
Batting: RHB James Huddleston
|
0-0: Fly out, F7 (Flyball, 7D, EV 96.9 MPH)
|
Batting: RHB Nelle Lommen
|
0-0: SINGLE (Groundball, 6S, EV 70.0 MPH) (infield hit)
|
Batting: RHB John Downing
|
0-0: Ball 1-0: Ball 2-0: SINGLE (Line Drive, 8RS, EV 101.2 MPH) Nelle Lommen to second
|
Batting: RHB Khalil Walker
|
0-0: Ball 1-0: Foul Ball, location: 2F 1-1: Ball 2-1: Grounds into double play, 6-4-3 (Groundball, 6, EV 106.2 MPH)
|
Top of the 10th over - 0 runs, 2 hits, 0 errors, 1 left on base; Montgomery 3 - Birmingham 3 |
BOTTOM OF THE 10TH |
Birmingham Barons batting - Pitching for Montgomery Biscuits : RHP Jaylin Green
|
Pitching: RHP Josh McMahan
|
|
Batting: RHB Ethan McCullough
|
0-0: SINGLE (Groundball, 6MD, EV 97.5 MPH)
|
Batting: SHB Josh Conner
|
0-0: Grounds into double play, 6-4-3 (Groundball, 6, EV 88.8 MPH)
|
Batting: SHB Jason Bresnahan
|
0-0: Ball 1-0: Ball 2-0: Called Strike 2-1: Ball 3-1: Foul Ball, location: 2F 3-2: Strikes out swinging
|
Bottom of the 10th over - 0 runs, 1 hit, 0 errors, 0 left on base; Montgomery 3 - Birmingham 3 |
TOP OF THE 11TH |
Montgomery Biscuits batting - Pitching for Birmingham Barons : RHP Maury Compson
|
Batting: SHB Julio Hernandez
|
0-0: Ground out 6-3 (Groundball, 56, EV 82.5 MPH)
|
Batting: RHB Chris Thorson
|
0-0: Ball 1-0: Ball 2-0: Called Strike 2-1: Ball 3-1: Called Strike 3-2: Foul Ball, location: 2F 3-2: Foul Ball, location: 2F 3-2: Strikes out swinging
|
Batting: RHB Roberto Aispuro
|
0-0: Called Strike 0-1: Ball 1-1: Ball 2-1: Ball 3-1: Foul Ball, location: 2F 3-2: Fly out, F9 (Flyball, 9, EV 89.4 MPH)
|
Top of the 11th over - 0 runs, 0 hits, 0 errors, 0 left on base; Montgomery 3 - Birmingham 3 |
BOTTOM OF THE 11TH |
Birmingham Barons batting - Pitching for Montgomery Biscuits : RHP Josh McMahan
|
Batting: LHB Dalton Silveira
|
0-0: Fly out, F5 (Popup, 56S, EV 71.2 MPH)
|
Batting: LHB Larry Myers
|
0-0: Called Strike 0-1: Foul Ball, location: 2F 0-2: Ball 1-2: Foul Ball, location: 2F 1-2: Ground out U3 (Groundball, 3, EV 81.2 MPH)
|
Batting: LHB Matt Hyde
|
0-0: Ball 1-0: Called Strike 1-1: Ball 2-1: Called Strike 2-2: SINGLE (Flyball, 8RS, EV 92.5 MPH)
|
Batting: LHB Ryan Dyal
|
0-0: Ball 1-0: Foul Ball, location: 2F 1-1: Ball 2-1: Ball 3-1: Base on Balls Matt Hyde to second
|
Pitching: LHP Brian Kelly
|
|
Batting: RHB Mike Savage
|
0-0: Ball 1-0: Ball 2-0: Called Strike 2-1: SINGLE (Flyball, 8LS, EV 100.0 MPH) Matt Hyde to third Ryan Dyal to second Runner from 3rd tries for Home, SAFE, throw by CF to home
|
Bottom of the 11th over - 1 run, 2 hits, 0 errors, 2 left on base; Montgomery 3 - Birmingham 4 |
|